 Dungeon Crawl Stone Soup version 0.28-a0-730-g892d06dc2c (webtiles) character file.

Game seed: 7926438409397873409

81 Sabo the Chopper (level 4, -6/33 HPs)
             Began as a Demonspawn Gladiator on Oct 28, 2021.
             Was a Believer of Wu Jian.
             Killed by divine providence
             ... invoked by an orc priest
              (16 damage)
             ... on level 3 of the Dungeon.
             The game lasted 00:10:35 (2132 turns).

Sabo the Chopper (Demonspawn Gladiator)             Turns: 2132, Time: 00:10:36

Health: -6/33      AC:  9    Str: 16    XL:     4   Next: 20%
Magic:  4/4        EV:  7    Int:  9    God:    Wu Jian [**....]
Gold:   133        SH:  0    Dex: 14    Spells: 3/3 levels left

rFire   . . .      SeeInvis .   a - +0 war axe
rCold   . . .      Faith    .   (no shield)
rNeg    . . .      Spirit   .   i - +0 chain mail
rPois   .          Reflect  .   c - +0 helmet
rElec   .          Harm     .   (no cloak)
rCorr   .          Rampage  .   (no gloves)
Will    .....                   (no boots)
Stlth   ..........              (no amulet)
HPRegen 0.11/turn               (no ring)
MPRegen 0.09/turn               (no ring)

@: no status effects
A: demonic touch 1
a: Renounce Religion, Wall Jump


You were on level 3 of the Dungeon.
You worshipped Wu Jian.
Wu Jian was pleased with you.
You visited 1 branch of the dungeon, and saw 3 of its levels.

You collected 133 gold pieces.

Inventory:

Hand Weapons
 a - a +0 war axe (weapon)
Missiles
 d - 4 throwing nets (quivered)
 k - 15 poisoned darts
 l - 16 arrows
Armour
 b - a +0 leather armour
 c - a +0 helmet (worn)
 i - a +0 chain mail (worn)
Jewellery
 f - a ring of wizardry
Scrolls
 g - a scroll of amnesia {unknown}
 h - a scroll of magic mapping {unknown}
 j - a scroll of holy word {unknown}
Potions
 e - a potion of curing {unknown}


   Skills:
 + Level 2.2 Fighting
 + Level 4.0 Axes
 + Level 1.7 Throwing
 + Level 0.7 Armour
 + Level 3.1 Dodging
 + Level 0.1 Stealth


You had 3 spell levels left.
You didn't know any spells.
Your spell library was empty.

Dungeon Overview and Level Annotations

Branches:
Dungeon (3/15)

Altars:
Wu Jian

Shops:
D:1 [


Innate Abilities, Weirdness & Mutations

Your touch may inflict minor irresistible damage on your foes.


Message History

You miss the orc priest. The orc priest closely misses you.
The orc wizard hits you but does no damage.
You miss the orc wizard.
The orc wizard is moderately wounded.
You barely miss the orc priest. The orc wizard barely misses you.
The orc priest calls upon Beogh to heal the orc wizard.
The orc wizard's wounds heal themselves!
You closely miss the orc wizard. Your touch misses the orc wizard.
You miss the orc. You miss the orc priest.
You feel less confused.
The orc wizard gestures wildly while chanting.
The orc wizard flickers and vanishes!
Deactivating autopickup; reactivate with Ctrl-A.
The orc priest casts a cantrip, but nothing happens.
You spin and attack the orc priest.
You closely miss the orc priest.
You spin and attack the orc.
You closely miss the orc. The orc hits you but does no damage.
The orc priest miscasts a cantrip.
You spin and attack the orc priest.
Your chain mail prevents you from hitting the orc priest.
You closely miss the orc.
Your chain mail prevents you from hitting something.
You hit the orc. The orc completely misses you. Something hits you.
The orc barely misses you.
You slash the orc!
You kill the orc!
The Council accepts your kill.
You slash the orc!
You kill the orc!
The Council accepts your kill.
You miss something. Something hits you but does no damage.
The orc priest hits you with a +0 dagger.
* * * LOW HITPOINT WARNING * * *
Something hits you but does no damage.
You barely miss the orc priest.
You touch the orc priest.
The orc priest is moderately wounded.
You closely miss something.
The orc priest mumbles some strange prayers to Beogh against you.
Beogh smites you!
You die...

##....:#
#.##.##.####
##.).##
#....##.#
##.##
#######.#
#.# #.## #.#
#..## ##'##
#...#
##...##
##.##
##...o.## #
#.#
##...)@..##
##. #.#
#.........#
##... #.#
+.........+
......#.###
#.........#
#........#
##.......##
#........#
##.....##
#.#.##.#.#
##...## #
#.##.#.#
##'## #
#....#.# #.#
#.#..###.#


You could see an orc priest.

Vanquished Creatures
  Terence (D:2)
  An adder skeleton (D:2)
  2 dart slugs (D:1)
  2 orcs (D:3)
  2 ball pythons (D:1)
  5 bats
  2 endoplasms
  4 giant cockroaches
  6 goblins
  6 hobgoblins
  4 jackals (D:1)
  A kobold (D:2)
  2 quokkas (D:1)
  2 rats (D:1)
40 creatures vanquished.

Notes
Turn   | Place    | Note
-------+----------+-------------------------------------------
     0 | D:1      | Sabo the Demonspawn Gladiator began the quest for the Orb.
     0 | D:1      | Reached XP level 1. HP: 16/16 MP: 1/1
    68 | D:1      | Found a faded altar of an unknown god.
    79 | D:1      | Prayed at the altar of an unknown god.
    79 | D:1      | Became a worshipper of the Wu Jian Council
    79 | D:1      | Reached * piety under Wu Jian
    87 | D:1      | Reached skill level 3 in Axes
    91 | D:1      | Gained mutation: Your touch may inflict minor irresistible
                  | damage on your foes. [demonic ancestry]
    91 | D:1      | Reached XP level 2. HP: 17/22 MP: 2/2
   458 | D:1      | Reached XP level 3. HP: 27/27 MP: 3/3
   522 | D:1      | Found Ihirchoy's Antique Armour Shoppe.
  1218 | D:2      | Noticed Terence
  1230 | D:2      | HP: 1/27 [Terence (7)]
  1233 | D:2      | Killed Terence
  1233 | D:2      | Reached ** piety under Wu Jian
  1234 | D:2      | Reached XP level 4. HP: 1/33 MP: 4/4
  2002 | D:3      | Reached skill level 4 in Axes
  2132 | D:3      | Killed from afar by an orc priest

Illustrated notes

Levels and vault maps discovered:
D:1:      grunt_arrival_crossed_arrows, layout_rooms,
          shapermc_ecumenical_altar_gd, serial_shops, nicolae_diamond_shop,
          minmay_surrounded
D:2:      layout_basic, grunt_decor_cap, minmay_misc_feat_five, uniq_terence
D:3:      layout_loops_corners, uniq_grinder

Skill      XL: |  1  2  3  4 |
---------------+-------------+-----
Axes           | 3 4 |  4.0
Dodging        | 3 |  3.1
Fighting       | |  2.2
Throwing       | |  1.7
Armour         | |  0.7
Stealth        | |  0.1

Action                   |  1- 3 |  4- 6 || total
-------------------------+-------+-------++-------
Melee: War axe           |    68 |    19 ||    87
       Touch             |    13 |     2 ||    15
Throw: Throwing net      |     1 |       ||     1
Invok: Lunge             |     5 |     1 ||     6
       Whirlwind         |     4 |     5 ||     9
 Stab: Held in net/web   |     1 |       ||     1
Armor: Leather armour    |    16 |       ||    16
       Chain mail        |    16 |    10 ||    26
Dodge: Dodged            |    38 |     5 ||    43

Table legend: (Time is in decaauts)
 A = Elapsed time spent in this place.
 B = Non-inter-level travel time spent in this place.
 C = Inter-level travel time spent in this place.
 D = Time resting spent in this place.
 E = Time spent auto-exploring this place.
 F = Levels seen in this place.
 G = Mean time per level.
                   A        B        C        D        E       F      G
               +--------+--------+--------+--------+--------+-----+--------+
         Total |   2154 |   2154 |      0 |    557 |      0 |   3 |  718.0 |
       Dungeon |   2154 |   2154 |      0 |    557 |      0 |   3 |  718.0 |
               +--------+--------+--------+--------+--------+-----+--------+

Top non-repeatable levels by time:
     D:2: 1025 daAuts
     D:1: 869 daAuts
     D:3: 259 daAuts
